Unix NetHack Version 5.0.0-0 post-release - last build May 10 2026 23:12:36 (d1fa5d53e341ca933230fdaa984d921c805b60aa,branch:main).

Game began 2026-05-11 04:41:36, ended 2026-05-11 04:49:36.

BeardyHaddock, lawful male dwarven Archeologist

         --------                 ---------
         |......|                 |.......|            ----------------
         |.......###    -----     |........#          #...............|
         |.......  #####|.>..###  |.......|############...............|
         |......|      #|...|  ###........|           #...............|
         |......|      #....|     |.......|           #----------------
         -----.--       |..(|     --|---|--          ###
              #         |...|       #   #            # ##
              #         |...|       #  ##              ###########
             ##         -----       #  #r                       #      ------
             ##                     ## r@                       ###    |....|
            ##                     ### r#            ---------    #####-....|
            ##                    -.-.----           |.....""-######## |....|
    --------.--                   |......| ####      |.......|       # |....|
    |.........|#                  |.......###########..."""..|       ##-....|
    |.........-###################..<....|      #    ---------         ---.--
    |.........|                   |.......                                #
    -----------                   --------

BeardyHaddock the Field Worker  St:15 Dx:9 Co:8 In:15 Wi:15 Ch:11  Lawful
Dlvl:3  $:104 HP:0(32) Pw:11(11) AC:9  Xp:3 T:1228 

Latest messages:
 You start digging.
 You hit the rock with all your might.
 You succeed in cutting away some rock.
 The door opens.
 You miss the fox.
 The fox bites!
 You miss the fox.
 The fox bites!
 You miss the fox.
 The fox just misses!
 The fox bites!
 You kill the fox!
 Welcome to experience level 3.
 The door opens.
 You start digging.
 You hit the rock with all your might.
 You succeed in cutting away some rock.
 The wererat changes into a rat.
 You stop digging.
 The wererat bites!
 You continue digging.
 You hit the rock with all your might.
 You stop digging.
 The wererat bites!
 You continue digging.
 You succeed in cutting away some rock.
 The wererat bites!
 You feel feverish.
 You miss the wererat.
 The wererat summons help!
 A sewer rat suddenly appears next to you!
 A sewer rat suddenly appears next to you!
 The wererat bites!
 You miss the wererat.
 The sewer rat bites!
 The sewer rat bites!
 The wererat bites!
 You miss the wererat.
 The sewer rat bites!
 The sewer rat bites!
 The wererat bites!
 You miss the wererat.
 The sewer rat bites!
 The sewer rat bites!
 You die...
 Do you want your possessions identified? [ynq] (y) n
 Do you want to see your attributes? [ynq] (y) n
 Do you want an account of creatures vanquished? [ynaq] (y) n
 Do you want to see your conduct and achievements? [ynq] (y) n
 Do you want to see the dungeon overview? [ynq] (y) n

Inventory:
 Coins    ('$')
  $ - 104 gold pieces
 Weapons  (')')
  a - a +2 bullwhip
  i - a cursed corroded +0 dwarvish mattock (weapon in hands)
 Armor    ('[')
  c - an uncursed +0 fedora
  k - a cursed -1 helm of brilliance (being worn)
  b - an uncursed +0 leather jacket (being worn)
 Comestibles  ('%')
  p - an uncursed clove of garlic
  d - 2 uncursed food rations
 Scrolls  ('?')
  j - an uncursed scroll of identify
 Potions  ('!')
  o - an uncursed potion of restore ability
 Tools    ('(')
  h - an empty uncursed sack
  e - a +0 pick-axe (alternate weapon; not wielded)
  f - a tinning kit (0:55)
 Gems/Stones  ('*')
  l - 2 uncursed worthless pieces of green glass
  g - an uncursed touchstone

BeardyHaddock the Archeologist's attributes:

Background:
 You were a Field Worker, a level 3 male dwarven Archeologist.
 You were lawful, nominally on a mission for Quetzalcoatl
 who was opposed by Camaxtli (neutral) and Huhetotl (chaotic).
 You were right-handed.
 You were in the Dungeons of Doom, on level 3.
 You entered the dungeon 1228 turns ago.
 It was nighttime.
 You had 41 experience points, 39 more were needed to attain level 4.

Basics:
 You had 0 out of 32 hit points.
 You had all 11 energy points (spell power).
 Your armor class was 9.
 Your wallet contained 104 zorkmids.
 Autopickup was off.

Final Characteristics:
 Your strength was 15 (limit:18/100).
 Your dexterity was 9 (limit:20).
 Your constitution was 8 (limit:20).
 Your intelligence was 15 (base:16, limit:16).
 Your wisdom was 15 (base:16, limit:16).
 Your charisma was 11 (limit:16).

Final Status:
 You weren't hungry.
 You were unencumbered.
 You were wielding a mattock.
 You had basic skill with pick-axe.

Final Attributes:
 You were devoutly aligned.
 You were level-drain resistant.
 You had automatic searching.
 You had infravision.
 You were a wererat.
 You were harmed by silver.
 You are dead.

Miscellaneous:
 You didn't encounter any bones levels.
 Total elapsed playing time was 8 minutes.

Major events:
 Turn
    1: BeardyHaddock the lawful male dwarven Archeologist entered the dungeon
 1190: attained the rank of Field Worker (level 3)
 1228: killed by a sewer rat

You didn't know any spells.

Skills:
 Fighting Skills
   bare handed combat [Unskilled]
   two weapon combat  [Unskilled]
   riding             [Unskilled]
 Weapon Skills
   dagger             [Unskilled]
   knife              [Unskilled]
   pick-axe           [Basic]
   short sword        [Unskilled]
   saber              [Unskilled]
   club               [Unskilled]
   quarterstaff       [Unskilled]
   sling              [Unskilled]
   dart               [Unskilled]
   boomerang          [Unskilled]
   whip               [Basic]
   unicorn horn       [Unskilled]
 Spellcasting Skills
   attack spells      [Unskilled]
   healing spells     [Unskilled]
   divination spells  [Unskilled]
   matter spells      [Unskilled]

Voluntary challenges:
 Character rerolling was not enabled.
 You were an atheist.
 You never genocided any monsters.
 You never polymorphed an object.
 You never changed form.
 You used no wishes.
Achievement:
 You attained the rank of Field Worker.

 The Dungeons of Doom: levels 1 to 3
    Level 1:
       An altar.
    Level 2:
       Many fountains.
    Level 3: <- You were here.
       Final resting place for
          you, killed by a sewer rat.


Vanquished creatures:
  a green mold
  a gnome zombie
  2 geckos
  3 jackals
  a fox
  2 goblins
  6 grid bugs
  2 lichens
  7 newts
25 creatures vanquished.

No species were genocided or became extinct.

Game over:
                       ----------
                      /          \
                     /    REST    \
                    /      IN      \
                   /     PEACE      \
                  /                  \
                  |  BeardyHaddock   |
                  |      104 Au      |
                  |   killed by a    |
                  |    sewer rat     |
                  |                  |
                  |                  |
                  |       2026       |
                 *|     *  *  *      | *
        _________)/\\_//(\/(/\)/\//\/|_)_______

Goodbye BeardyHaddock the Archeologist...

You died in The Dungeons of Doom on dungeon level 3 with 358 points,
and 104 pieces of gold, after 1228 moves.
You were level 3 with a maximum of 32 hit points when you died.

